 Dungeon Crawl Stone Soup version 0.22-a0-580-gd5db89c09a (webtiles) character file.

458 Fandomethor the Cleaver (level 6, -1/55 HPs)
             Began as a Deep Dwarf Fighter on July 3, 2018.
             Killed by divine providence
             ... invoked by an orc priest
              (10 damage)
             ... on level 4 of the Dungeon.
             The game lasted 00:08:48 (2505 turns).

Fandomethor the Cleaver (Deep Dwarf Fighter)        Turns: 2505, Time: 00:08:48

Health: -1/55      AC:  9    Str: 19    XL:     6   Next: 77%
Magic:  0/6        EV:  7    Int: 11    God:
Gold:   227        SH:  9    Dex: 12    Spells: 5/5 levels left

rFire    . . .     SeeInvis .   a - +0 war axe
rCold    + . .     Gourm    .   c - +0 shield
rNeg     . . .     Faith    .   b - +0 scale mail
rPois    .         Spirit   +   r - +0 helmet
rElec    .         Reflect  .   v - scarf {Spirit}
rCorr    .         Harm     .   q - +0 pair of gloves
MR       .....                  (no boots)
Stlth    ..........             l - amulet of rage
HPRegen  0.00/turn              n - ring of protection from cold
MPRegen  0.10/turn              (no ring)

@: non-regenerating
A: damage resistance, heal wounds, sense surroundings 1, no regeneration
a: Heal Wounds, Evoke Berserk Rage


You were on level 4 of the Dungeon.
You were hungry.

You visited 1 branch of the dungeon, and saw 4 of its levels.

You collected 227 gold pieces.

Inventory:

Hand Weapons
 a - a +0 war axe (weapon)
 u - a +2 trident of protection
Armour
 b - a +0 scale mail (worn)
 c - a +0 shield (worn)
 q - a +0 pair of gloves (worn)
 r - a +0 helmet (worn)
 v - a scarf of spirit shield (worn)
Jewellery
 l - an amulet of rage (around neck)
 n - a ring of protection from cold (left hand)
 p - a cursed +4 ring of dexterity {unknown}
 t - an uncursed amulet of the gourmand
Wands
 o - a wand of polymorph (16)
Scrolls
 e - 5 scrolls of teleportation {unknown}
 g - a scroll of blinking {unknown}
 h - a scroll of fog {unknown}
 i - 3 scrolls of remove curse {unknown}
 m - 5 scrolls of identify
 x - a scroll of enchant armour {unknown}
Potions
 d - 2 potions of might
 k - a potion of brilliance {unknown}
 s - a potion of flight {unknown}
 w - a potion of degeneration {unknown}
 z - a potion of agility
Comestibles
 f - 8 rations
 j - 6 chunks of flesh


   Skills:
 - Level 2.6 Fighting
 + Level 8.1 Axes
 - Level 3.2 Armour
 - Level 3.2 Shields


You had 5 spell levels left.
You didn't know any spells.
Your spell library contained the following spells:

 Spells                   Type           Power        Failure   Level  Hunger
 Spider Form              Tmut/Pois      #.........   100%        3    ####...
 Blade Hands              Tmut           #.........   100%        5    ######.
 Ice Form                 Ice/Tmut       #.......     100%        4    #####..
 Sticks to Snakes         Tmut           #.......     100%        2    ###....
 Beastly Appendage        Tmut           #.....       99%         1    ##.....


Dungeon Overview and Level Annotations

Branches:
Dungeon (4/15)             Temple (0/1) D:4

Altars:
Ashenzari
Dithmenos
Elyvilon
Hepliaklqana
Uskayaw
Vehumet
Yredelemnul
The Shining One


Innate Abilities, Weirdness & Mutations

You are resistant to damage.
You can heal yourself by infusing magical energy.
You passively map a small area around you.
You do not regenerate.


Message History

You slash the orc!
You kill the orc!
You barely miss the orc. The orc hits you but does no damage.
You hit the orc.
The orc is heavily wounded.
The orc hits you but does no damage.
You closely miss the orc.
The orc is heavily wounded.
The orc priest casts a cantrip, but nothing happens.
The orc hits you but does no damage.
You hit the orc but do no damage.
The orc is heavily wounded.
The orc priest begins to cast a cantrip, but forgets the words!
The orc hits you but does no damage.
You hit the orc.
The orc is almost dead.
The orc hits you but does no damage.
The orc priest mumbles some strange prayers to Beogh against you.
Beogh smites you!
You die...

#....# #....# #.# *,
#....# #.# #....# #.# ,
#....# #.# , #....# #.#
#####....#######.#####.#
((.(.....'.....o......>#
##...)...#####.o@####*
#.......# #.###
#.......# #.# #......##
#.# ######## #o# #Z# **
* #'# * ####
.......o...# ...#
...........#


You could see an orc priest and an orc.

Vanquished Creatures
  A centaur (D:4)
  A big kobold (D:4)
  3 orc priests
  3 orc wizards (D:3)
  4 adders
  An adder skeleton (D:4)
  A worm (D:2)
  3 dart slugs
  A leopard gecko (D:1)
  13 orcs
  A giant cockroach (D:2)
  7 goblins
  15 hobgoblins
  5 jackals
  A quokka (D:4)
  5 bats
  4 frilled lizards
  A jackal skeleton (D:4)
  11 kobolds
  8 rats
89 creatures vanquished.

Notes
Turn   | Place    | Note
-------+----------+-------------------------------------------
     0 | D:1      | Fandomethor the Deep Dwarf Fighter began the quest for the Orb.
     0 | D:1      | Reached XP level 1. HP: 20/20 MP: 1/1
    72 | D:1      | Reached skill level 3 in Axes
   130 | D:1      | Reached XP level 2. HP: 27/27 MP: 2/2
   303 | D:1      | Reached XP level 3. HP: 29/33 MP: 3/3
   311 | D:1      | Reached skill level 4 in Axes
  1340 | D:3      | Reached XP level 4. HP: 30/40 MP: 0/4
  1379 | D:3      | Reached skill level 5 in Axes
  1457 | D:3      | Reached XP level 5. HP: 26/46 MP: 0/5
  1508 | D:3      | Reached skill level 6 in Axes
  2085 | D:3      | Found a white marble altar of Elyvilon.
  2091 | D:3      | Found a shattered altar of Ashenzari.
  2093 | D:3      | Found a hazy altar of Hepliaklqana.
  2093 | D:3      | Found a basalt altar of Yredelemnul.
  2093 | D:3      | Found a radiant altar of Vehumet.
  2093 | D:3      | Found a shadowy altar of Dithmenos.
  2094 | D:3      | Found a glowing golden altar of the Shining One.
  2098 | D:3      | Found a hide-covered altar of Uskayaw.
  2200 | D:4      | Noticed an ogre
  2292 | D:4      | Found a staircase to the Ecumenical Temple.
  2334 | D:4      | Reached skill level 7 in Axes
  2334 | D:4      | Reached XP level 6. HP: 31/55 MP: 4/6
  2498 | D:4      | Reached skill level 8 in Axes
  2505 | D:4      | Killed from afar by an orc priest

Vault maps used:
D:1:      roderic_dead_forest
D:3:      minitemple
D:4:      minmay_temple_entry_from_below_a, first_ration

Skill      XL: |  1  2  3  4  5  6 |
---------------+-------------------+-----
Axes           | 3 4 5 7 8 |  8.1
Fighting       | |  2.6
Armour         | |  3.2
Shields        | |  3.2

Action                   |  1- 3 |  4- 6 || total
-------------------------+-------+-------++-------
Melee: War axe           |   121 |   167 ||   288
  Use: Potion            |       |     4 ||     4
       Scroll            |       |     1 ||     1
  Eat: Chunk             |     2 |     3 ||     5
Armor: Scale mail        |    41 |    80 ||   121
Dodge: Dodged            |    30 |    42 ||    72
Block: Shield            |    52 |    67 ||   119

Table legend:
 A = Spawn XP
 B = Non-spawn XP
 C = Spawn XP percentage of total XP
 D = Spawn monster count
 E = Non-spawn monster count
 F = Spawn count percentage of total count
 G = Total turns spent on level
                    A         B        C        D         E        F      G
               +---------+---------+-------+---------+---------+-------+---------
         Total |       0 |     655 |   0.0 |       0 |      89 |   0.0 |  2505
               +---------+---------+-------+---------+---------+-------+---------
           D:1 |       0 |      49 |   0.0 |       0 |      27 |   0.0 |   444
           D:2 |       0 |      46 |   0.0 |       0 |      23 |   0.0 |   782
           D:3 |       0 |     275 |   0.0 |       0 |      28 |   0.0 |   974
           D:4 |       0 |     285 |   0.0 |       0 |      11 |   0.0 |   305
               +---------+---------+-------+---------+---------+-------+---------
